Map: Heavy Artillery LE

Players

qqq

  • Race: Protoss Protoss
  • Spawn Location: 3:00

Massa

  • Race: Terran Terran
  • League: Platinum
  • Spawn Location: 1:00

Claudy - Winner!

  • Race: Terran Terran
  • League: Diamond
  • Spawn Location: 7:00

KipikK - Winner!

  • Race: Terran Terran
  • League: Diamond
  • Spawn Location: 7:00

VOD

Have the link to the VOD?

Description

Time

  • Played on: Nov. 12, 2020, 4:08 p.m.
  • Length: 19:51
Show
View Real Time Build Order
Export as new Build Order

qqq Protoss 

Build Orders: Carriers 

Get SALT Encoding   

  12  0:00  Probe  
  13  0:12  Probe  
  14  0:24  Probe  
  15  0:31  Pylon  
  15  0:44  Pylon  
  15  0:49  Probe  
  16  1:05  Gateway  
  16  1:08  Probe  
  17  1:20  Probe  
  17  1:25  Nexus  
  18  1:49  Probe  
  18  1:52  Assimilator  
  19  1:54  Assimilator  
  19  2:12  Cybernetics Core  
  19  2:19  Probe  
  19  2:20  Nexus  
  19  2:31  Probe  
  19  2:35  Pylon  
  22  2:37  Zealot (Chrono Boost)  
  22  2:43  Probe  
  23  2:47  Probe  
  24  2:55  Probe  
  25  2:59  Probe  
  25  3:02  Stalker (Chrono Boost)  
  28  3:08  Probe  
  29  3:17  Stargate  
  29  3:34  Probe, Stargate  
  29  3:35  Probe  
  29  3:36  Probe  
  32  3:46  Probe  
  32  3:47  Probe  
  34  3:48  Probe  
  35  3:58  Probe  
  35  3:59  Probe  
  35  4:01  Phoenix (Chrono Boost)  
  39  4:04  Probe  
  40  4:19  Probe x2  
  40  4:20  Probe, Oracle (Chrono Boost)  
  46  4:24  Assimilator  
  46  4:26  Assimilator  
  48  4:31  Probe x2, Phoenix (Chrono Boost)  
  48  4:34  Assimilator  
  48  4:35  Probe  
  51  4:43  Probe x2  
  53  4:49  Probe  
  56  4:53  Phoenix (Chrono Boost)  
  56  4:56  Probe  
  57  5:01  Phoenix (Chrono Boost)  
  59  5:08  Probe  
  59  5:12  Probe x2  
  62  5:20  Probe  
  65  5:22  Phoenix (Chrono Boost)  
  65  5:40  Phoenix  
  65  5:41  Phoenix  
  69  5:51  Pylon  
  69  5:53  Pylon  
  69  5:55  Pylon  
  69  6:00  Pylon  
  69  6:04  Pylon  
  69  6:07  Pylon  
  69  6:09  Probe x3, Phoenix  
  69  6:10  Pylon  
  74  6:13  Stargate, Forge  
  74  6:18  Fleet Beacon  
  74  6:21  Probe x3  
  74  6:33  Probe x2  
  74  6:38  Phoenix x2  
  80  6:40  Probe  
  81  6:47  Assimilator  
  81  7:00  Probe x3  
  84  7:02  Protoss Air Weapons Level 1 (Chrono Boost)  
  84  7:03  Phoenix  
  86  7:12  Probe  
  85  7:19  Carrier  
  91  7:48  Carrier (Chrono Boost)  
  91  7:49  Carrier (Chrono Boost)  
  87  8:23  Phoenix (Chrono Boost)  
  89  8:41  Tempest (Chrono Boost)  
  89  8:43  Phoenix (Chrono Boost)  
  89  8:44  Tempest (Chrono Boost)  
  101  8:51  Stargate  
  101  8:54  Stargate  
  101  9:19  Tempest  
  101  9:21  Carrier  
  112  9:42  Protoss Air Armor Level 1  
  112  10:13  Pylon  
  112  10:16  Pylon  
  112  10:18  Pylon  
  112  10:28  Carrier  
  112  10:31  Carrier  
  112  10:34  Carrier  
  129  10:57  Phoenix x2  
  127  11:16  Void Ray  
  127  11:22  Phoenix  
  129  11:32  Tempest  
  117  11:35  Phoenix  
  123  11:59  Tempest x2  
  131  12:26  Phoenix  
  131  12:28  Phoenix  
  122  13:19  Assimilator  
  122  13:31  Nexus  
  122  13:35  Pylon  
  122  13:37  Pylon  
  122  13:39  Pylon  
  116  13:42  Pylon  
  116  13:47  Void Ray  
  105  13:55  Phoenix  
  111  14:01  Nexus  
  111  14:02  Pylon  
  110  14:04  Pylon  
  110  14:06  Pylon  
  110  14:08  Pylon  
  110  14:09  Pylon  
  110  14:11  Pylon  
  110  14:14  Pylon  
  110  14:21  Photon Cannon  
  110  14:22  Photon Cannon  
  110  14:25  Photon Cannon  
  110  14:26  Photon Cannon, Fleet Beacon  
  110  14:29  Photon Cannon  
  110  14:30  Photon Cannon, Phoenix x5, Pylon  
  120  14:32  Photon Cannon, Pylon  
  120  14:34  Pylon  
  120  14:35  Shield Battery  
  120  14:36  Shield Battery  
  120  14:37  Photon Cannon  
  120  14:38  Pylon  
  120  14:40  Photon Cannon x2, Pylon  
  120  14:42  Photon Cannon  
  120  14:44  Photon Cannon  
  120  14:46  Photon Cannon  
  120  14:49  Photon Cannon  
  120  14:51  Shield Battery  
  120  14:53  Shield Battery  
  120  14:55  Phoenix, Shield Battery  
  120  14:58  Shield Battery  
  120  15:01  Photon Cannon  
  120  15:04  Photon Cannon  
  120  15:05  Photon Cannon  
  114  15:19  Carrier x3  
  105  16:10  Probe (Chrono Boost)  
  106  16:22  Probe (Chrono Boost)  
  107  16:30  Probe (Chrono Boost)  
  108  16:37  Probe, Void Ray  
  109  16:41  Tempest  
  109  16:42  Carrier x2  
  109  16:43  Phoenix, Nexus  
  132  16:47  Pylon  
  132  16:49  Probe (Chrono Boost)  
  132  16:50  Pylon  
  132  16:51  Pylon  
  133  16:54  Pylon  
  133  16:55  Pylon  
  133  16:57  Pylon  
  133  16:59  Probe (Chrono Boost), Pylon  
  134  17:04  Probe (Chrono Boost)  
  135  17:13  Carrier  
  135  17:15  Probe  
  138  17:27  Probe  
  139  17:30  Photon Cannon  
  139  17:33  Photon Cannon  
  139  17:35  Photon Cannon  
  138  17:51  Nexus  
  138  17:54  Phoenix x2  
  136  18:22  Assimilator  
  136  18:27  Photon Cannon, Assimilator  
  136  18:29  Photon Cannon  
  136  18:30  Photon Cannon  
  136  18:32  Photon Cannon  
  137  18:34  Probe, Photon Cannon  
  137  18:36  Photon Cannon  
  137  18:39  Photon Cannon  
  137  18:43  Photon Cannon  
  137  18:46  Probe, Shield Battery  
  144  18:58  Probe  
  145  19:10  Probe  
  140  19:22  Probe  
Show
View Real Time Build Order
Export as new Build Order

Massa Terran 

Build Orders:  

Get SALT Encoding   

  12  0:00  SCV  
  13  0:12  SCV  
  14  0:23  Supply Depot  
  14  0:24  SCV  
  15  0:31  Refinery  
  15  0:45  SCV  
  15  0:46  Barracks  
  16  0:57  SCV  
  17  1:09  SCV  
  18  1:24  SCV  
  19  1:33  Reaper  
  19  1:36  SCV  
  21  1:42  Command Center  
  21  1:48  Orbital Command  
  21  2:15  Supply Depot  
  21  2:19  SCV  
  22  2:29  Barracks  
  22  2:34  Factory  
  22  2:40  Supply Depot  
  22  2:42  Bunker  
  22  2:51  Barracks Reactor  
  22  2:56  SCV  
  23  3:08  SCV  
  23  3:10  Barracks, Supply Depot  
  23  3:12  Orbital Command  
  24  3:20  SCV  
  24  3:22  Factory Tech Lab  
  24  3:23  Barracks Tech Lab  
  25  3:27  Marine  
  25  3:28  Marine  
  25  3:33  SCV  
  28  3:43  Starport  
  28  3:45  SCV, Marine  
  30  3:57  Siege Tank  
  33  4:03  SCV x2  
  35  4:15  SCV x2  
  37  4:18  Command Center  
  37  4:28  Refinery  
  37  4:29  Medivac  
  37  4:31  Marine  
  39  4:33  Marine x2  
  39  4:38  Marauder  
  44  4:49  Marine  
  44  4:51  Marine  
  46  4:55  Barracks Tech Lab  
  46  4:59  Marauder  
  48  5:00  Refinery  
  48  5:20  Marine  
  48  5:21  Marauder  
  41  5:33  Orbital Command  
  41  5:35  SCV x2  
  42  5:40  Siege Tank  
  42  5:42  Marauder  
  47  5:47  SCV x2  
  49  5:51  Engineering Bay  
  49  5:59  SCV  
  50  6:10  Marauder x2  
  50  6:11  Stimpack  
  54  6:13  Concussive Shells  
  54  6:16  Marine x2  
  56  6:20  SCV x3  
  56  6:22  Refinery  
  59  6:26  Missile Turret  
  59  6:29  Medivac, Missile Turret  
  59  6:30  Marine  
  59  6:31  Marine  
  59  6:32  SCV x2  
  65  6:33  Missile Turret  
  65  6:34  Marine x2  
  67  6:48  Marine x2  
  66  6:57  Marine x2  
  61  7:03  Siege Tank  
  61  7:06  Marine  
  65  7:19  Starport Reactor  
  65  7:22  Marauder  
  67  7:23  Marine x2  
  67  7:24  SCV, Marauder  
  67  7:25  SCV  
  73  7:36  SCV  
  75  7:37  SCV  
  75  7:40  Orbital Command  
  75  7:44  Marauder  
  69  7:47  Marine x2  
  69  7:49  SCV x2  
  63  7:55  Liberator  
  64  8:03  Supply Depot  
  63  8:11  Factory Tech Lab  
  63  8:15  Marine x3  
  61  8:25  Liberator  
  64  8:33  Marauder, Supply Depot  
  66  8:35  Supply Depot  
  66  8:46  Siege Tank  
  71  8:55  Marauder  
  68  9:06  Combat Shield  
  68  9:08  Marine x2  
  70  9:11  Barracks Tech Lab, SCV  
  73  9:17  Marauder  
  73  9:18  Siege Tank  
  76  9:25  Barracks  
  76  9:27  Starport  
  76  9:56  Sensor Tower, Command Center  
  80  10:00  Marauder x2, Marine x2  
  82  10:14  Medivac x2  
  86  10:29  Marauder x2  
  80  10:42  Supply Depot  
  80  10:44  Supply Depot x3  
  80  10:46  Supply Depot  
  80  10:47  Supply Depot  
  78  11:06  Marauder x2, Siege Tank  
  78  11:07  Medivac  
  78  11:10  Orbital Command  
  87  11:11  SCV x2  
  89  11:23  SCV x2, Viking x2  
  95  11:27  Marine  
  95  11:28  Marauder  
  98  11:36  SCV  
  99  11:46  Marauder  
  101  11:48  SCV  
  101  11:49  Marauder  
  101  12:04  SCV x2  
  101  12:06  Marine  
  102  12:10  Marine  
  99  12:16  SCV  
  99  12:17  SCV  
  101  12:24  Marine  
  101  12:29  Refinery  
  102  12:30  Supply Depot  
  102  12:32  Refinery  
  102  12:51  Marine  
  102  12:52  Widow Mine, SCV, Viking x2  
  110  13:19  Supply Depot x2  
  110  13:20  Supply Depot x2  
  110  13:21  Supply Depot  
  110  13:22  Supply Depot x3  
  110  13:31  Missile Turret  
  110  13:32  Sensor Tower  
  110  13:40  SCV, Marine, Viking x3  
  110  13:41  Widow Mine, SCV, Marauder  
  123  13:49  Terran Infantry Weapons Level 1  
  123  13:52  SCV  
  123  13:53  SCV  
  125  13:58  Marauder  
  125  14:02  Marine  
  128  14:05  SCV x2  
  130  14:10  Viking x3  
  130  14:13  Command Center  
  136  14:23  Marauder  
  136  14:24  Marauder  
  140  14:30  Barracks  
  140  14:31  Barracks  
  140  14:36  Barracks  
  140  14:45  Marauder x2  
  144  14:48  SCV x2  
  146  15:00  SCV x2  
  146  15:06  Marauder  
  130  15:24  Marine  
  130  15:25  Marauder, Marine x2  
  130  15:28  Marauder  
  108  15:42  Marine x3  
  95  15:45  Marine  
  95  15:47  Siege Tank  
  95  15:48  Marine  
  101  16:00  Marine x3  
  101  16:03  Viking x3  
  101  16:04  Marauder  
  112  16:07  Marauder  
  112  16:10  Orbital Command  
  114  16:18  Marine x2  
  115  16:19  Siege Tank  
  115  16:25  Marauder  
  119  16:33  Viking x2  
  122  16:44  SCV x3  
  119  16:50  Marauder x2  
  119  16:51  Siege Tank  
  126  16:56  SCV x3  
  129  17:08  SCV x3  
  130  17:18  Medivac x3  
  133  17:23  Siege Tank  
  133  17:26  Refinery  
  133  17:28  Refinery  
  136  17:43  Barracks Reactor  
  136  17:44  Barracks Tech Lab  
  136  17:55  Command Center  
  98  18:28  Marauder x3, Marine x3  
  107  18:37  Siege Tank  
  110  18:45  Marine  
  110  18:46  Marine x2  
  113  18:48  Marine  
  113  18:49  Marauder, Marine  
  117  19:04  Factory  
  117  19:05  Factory  
  117  19:06  Command Center  
  117  19:07  Factory, Planetary Fortress  
  117  19:09  Siege Tank  
  120  19:11  Missile Turret  
  120  19:30  Missile Turret  
  120  19:33  Missile Turret  
  120  19:37  Missile Turret  
  120  19:41  Missile Turret  
Show
View Real Time Build Order
Export as new Build Order

Claudy Terran - Winner!

Build Orders: Reaper Expand 

Get SALT Encoding   

  12  0:00  SCV  
  13  0:12  SCV  
  14  0:17  Supply Depot  
  14  0:24  SCV  
  15  0:39  SCV  
  15  0:40  Barracks  
  16  0:45  Refinery  
  16  0:53  SCV  
  17  1:05  SCV  
  18  1:17  SCV  
  19  1:32  Orbital Command  
  19  1:36  Reaper  
  20  1:52  Command Center  
  20  1:59  SCV  
  20  2:01  Refinery  
  21  2:05  Supply Depot  
  22  2:15  SCV  
  22  2:24  Factory  
  22  2:31  SCV  
  22  2:32  Barracks Reactor  
  24  2:44  SCV  
  24  2:56  SCV  
  25  3:06  Orbital Command  
  25  3:09  Starport, Marine x2  
  25  3:10  Factory Tech Lab  
  27  3:16  SCV  
  28  3:27  Marine x2  
  28  3:28  SCV  
  28  3:33  SCV  
  32  3:37  Siege Tank  
  35  3:44  SCV  
  35  3:45  SCV  
  35  3:47  Marine x2  
  39  3:48  Medivac  
  41  3:56  SCV  
  41  3:57  SCV  
  43  4:08  SCV  
  43  4:09  Marine x2  
  45  4:14  Supply Depot, Siege Tank  
  45  4:15  SCV  
  45  4:16  Refinery  
  50  4:24  Medivac  
  52  4:32  SCV x2  
  54  4:40  Marine x2  
  54  4:44  SCV x2  
  58  4:53  Command Center  
  58  4:54  Supply Depot  
  58  4:56  SCV x2  
  57  5:08  SCV x2  
  57  5:09  Siege Tank  
  57  5:10  Starport Reactor  
  57  5:12  Marine  
  57  5:13  Supply Depot  
  62  5:16  Marine  
  59  5:24  SCV  
  59  5:26  Refinery  
  59  5:29  Armory  
  59  5:31  Marine  
  59  5:34  Marine  
  61  5:38  SCV x2  
  61  5:41  Engineering Bay  
  63  5:44  Siege Tank  
  63  5:48  Marine  
  67  5:50  SCV x2  
  67  5:54  Viking x2  
  73  6:02  Starport, SCV  
  73  6:03  SCV  
  75  6:07  Planetary Fortress  
  75  6:13  Missile Turret  
  75  6:14  SCV  
  75  6:15  SCV  
  75  6:16  Marine x2  
  76  6:26  SCV  
  74  6:34  SCV  
  74  6:38  SCV  
  76  6:41  Viking x2  
  76  6:46  SCV  
  81  6:50  SCV  
  81  6:51  SCV  
  81  6:58  SCV  
  79  7:03  SCV  
  80  7:10  SCV x2  
  80  7:15  Refinery x2  
  82  7:17  Viking x2  
  89  7:22  Siege Tank  
  89  7:23  SCV, Fusion Core, Marine x2, Starport Tech Lab  
  89  7:26  SCV  
  91  7:31  Command Center  
  91  7:32  Missile Turret  
  91  7:35  SCV  
  90  7:38  SCV  
  90  7:48  SCV  
  90  7:49  SCV  
  90  7:50  SCV  
  93  8:05  Supply Depot  
  93  8:06  SCV x2, Marine x2, Viking x2  
  93  8:08  Supply Depot  
  93  8:10  SCV  
  100  8:20  SCV  
  100  8:26  SCV  
  102  8:27  Missile Turret  
  102  8:28  Battlecruiser  
  102  8:32  Marine x2, Siege Tank  
  102  8:34  Starport  
  113  8:49  Marine  
  113  8:50  Marine  
  115  8:58  Viking x2  
  119  9:07  Marine x2  
  124  9:10  Terran Ship Weapons Level 1, Missile Turret  
  124  9:11  Starport Tech Lab, Missile Turret  
  124  9:25  Marine x2  
  124  9:28  Viking x2  
  130  9:43  Marine x2  
  118  10:00  Siege Tank, Viking, Battlecruiser  
  118  10:01  Marine x2, Viking  
  118  10:02  Weapon Refit  
  126  10:19  Marine x2  
  126  10:21  SCV, Supply Depot  
  129  10:22  Supply Depot  
  129  10:28  Orbital Command  
  129  10:29  SCV  
  129  10:33  SCV  
  129  10:35  Siege Tank  
  132  10:39  Marine  
  132  10:41  Marine  
  132  10:45  SCV  
  121  11:00  Viking x2, Battlecruiser  
  125  11:16  Battlecruiser  
  122  11:30  Viking x2  
  122  11:43  Siege Tank  
  122  12:05  Viking x2, Battlecruiser  
  119  12:20  Battlecruiser  
  123  12:23  Thor  
  127  12:35  Viking x2  
  127  12:36  Missile Turret  
  125  12:37  SCV x2, Missile Turret x2  
  125  12:39  Missile Turret  
  125  12:40  Missile Turret  
  126  12:46  Missile Turret  
  126  12:49  Missile Turret  
  124  12:58  SCV  
  124  12:59  SCV  
  124  13:01  Terran Ship Weapons Level 2  
  124  13:04  Armory  
  126  13:06  Viking  
  126  13:10  Battlecruiser  
  134  13:19  SCV  
  135  13:31  SCV  
  129  13:43  SCV  
  117  13:56  Viking x2  
  117  13:57  Battlecruiser  
  117  14:00  SCV  
  117  14:01  SCV  
  129  14:14  Viking  
  129  14:26  Viking  
  131  14:32  Command Center  
  131  14:37  Factory Tech Lab  
  117  14:48  SCV  
  117  14:50  Missile Turret  
  117  14:51  Missile Turret  
  117  14:52  Viking, Battlecruiser  
  125  14:53  SCV  
  125  14:56  Viking  
  125  14:58  Starport, Supply Depot  
  101  15:31  Viking x3  
  90  15:56  Viking  
  92  16:01  Viking x2  
  95  16:15  Viking  
  97  16:20  Orbital Command  
  97  16:21  Missile Turret  
  89  16:41  Viking x2  
  90  16:52  Viking  
  90  16:53  SCV x2  
  88  16:59  Refinery  
  88  17:00  Refinery  
  79  17:26  Viking x2  
  79  17:27  Viking  
  79  17:29  Orbital Command  
  85  17:33  Refinery  
  69  18:04  Viking x4  
  54  18:22  Viking  
  54  18:23  SCV  
  57  18:27  SCV  
  57  18:30  Refinery  
  57  18:32  Orbital Command  
  58  18:35  SCV  
  58  18:38  Refinery  
  58  18:39  Viking x2  
  58  18:40  Viking  
  58  18:41  Refinery  
  65  18:46  Viking  
  67  18:51  Viking  
  69  19:07  Starport  
  69  19:08  Starport  
Show
View Real Time Build Order
Export as new Build Order

KipikK Terran - Winner!

Build Orders:  

Get SALT Encoding   

  12  0:00  SCV  
  13  0:13  SCV  
  14  0:19  Supply Depot  
  14  0:25  SCV  
  15  0:40  SCV  
  16  0:43  Barracks  
  16  0:45  Refinery  
  16  0:53  SCV  
  17  1:05  SCV  
  18  1:17  SCV  
  19  1:29  SCV  
  19  1:31  Marine  
  21  1:42  Orbital Command  
  21  1:49  Command Center  
  21  1:55  Marine  
  21  1:59  Supply Depot  
  22  2:16  Barracks Reactor  
  22  2:17  Factory  
  22  2:19  SCV  
  23  2:34  SCV  
  24  2:47  Bunker  
  24  2:48  SCV  
  25  3:00  SCV  
  25  3:03  Starport  
  25  3:05  Orbital Command  
  26  3:09  Barracks Tech Lab  
  26  3:12  Hellion x2  
  30  3:14  SCV, Barracks  
  31  3:26  Refinery x2  
  32  3:27  SCV  
  32  3:29  Stimpack  
  32  3:32  Marine  
  33  3:36  Hellion  
  33  3:40  Hellion  
  37  3:43  SCV  
  37  3:45  SCV  
  39  3:56  Medivac  
  39  3:58  SCV  
  39  4:00  SCV  
  43  4:05  Barracks Reactor  
  43  4:10  SCV  
  43  4:14  Factory Tech Lab  
  43  4:15  SCV, Barracks  
  45  4:23  SCV  
  46  4:33  Engineering Bay  
  46  4:46  Supply Depot  
  46  4:49  SCV x2, Marine, Medivac, Siege Tank  
  46  4:52  Supply Depot  
  54  4:56  Supply Depot  
  54  5:07  Marine x4  
  54  5:08  Marine  
  54  5:12  SCV x2  
  61  5:14  Supply Depot  
  61  5:25  Marine  
  61  5:33  SCV x2  
  55  5:36  Starport Reactor  
  55  5:37  Terran Infantry Weapons Level 1  
  55  5:39  Marine x4  
  55  5:40  Combat Shield  
  59  5:46  Missile Turret  
  59  5:48  Marine, Missile Turret  
  60  5:53  Siege Tank  
  63  5:59  SCV  
  63  6:00  Refinery  
  63  6:04  Marine x2  
  64  6:07  SCV  
  64  6:11  SCV  
  68  6:15  Marine  
  68  6:16  Supply Depot  
  68  6:17  Marine  
  70  6:20  Medivac  
  70  6:25  Siege Tank  
  75  6:35  Marine x2  
  75  6:36  Marine x2  
  75  6:37  SCV  
  75  6:39  Supply Depot  
  80  6:43  Supply Depot  
  80  6:44  Supply Depot  
  80  6:47  SCV  
  81  7:00  Marine x3, Medivac x2  
  81  7:01  Marine, Siege Tank  
  82  7:20  Marine  
  82  7:21  Marine x2  
  85  7:23  SCV x2  
  85  7:26  Command Center  
  87  7:35  SCV  
  70  7:44  Marine x3  
  70  7:45  Marine, Siege Tank  
  70  7:46  Medivac  
  79  7:52  Marine  
  79  7:54  SCV  
  81  8:02  Terran Infantry Armor Level 1, Marine  
  76  8:06  SCV  
  76  8:08  SCV  
  76  8:11  Missile Turret  
  77  8:24  Marine x3  
  77  8:25  Marine x2  
  82  8:41  Orbital Command, Missile Turret  
  82  8:43  Marine x2  
  82  8:44  Marine x2, Missile Turret  
  86  9:08  Marine x3  
  82  9:13  Marine x2  
  82  9:14  SCV  
  82  9:15  SCV x2  
  83  9:19  Armory  
  83  9:20  Engineering Bay  
  83  9:22  Viking x2  
  87  9:26  SCV  
  87  9:27  SCV  
  89  9:39  Marine x3  
  89  9:41  Marine  
  89  9:43  SCV x2  
  89  9:44  Refinery, SCV  
  96  9:46  Refinery  
  96  9:47  Siege Tank  
  96  9:50  Supply Depot  
  99  9:55  SCV x2  
  101  10:02  SCV  
  102  10:07  Barracks  
  102  10:09  Terran Vehicle Weapons Level 1  
  102  10:10  Barracks x2  
  102  10:30  Marine x3  
  103  10:59  Marine x3  
  103  11:00  Marine x2  
  105  11:17  Marine x4  
  105  11:18  Marine  
  110  11:19  SCV  
  110  11:20  Barracks Reactor x2  
  110  11:21  Thor  
  111  11:26  Supply Depot  
  111  11:28  SCV  
  111  11:35  Marine x5  
  111  11:38  Command Center  
  109  11:52  Terran Infantry Weapons Level 2  
  109  11:53  Terran Infantry Armor Level 2, Marine x2  
  109  11:54  Marauder  
  110  11:55  Barracks Reactor  
  110  11:56  Marine x2  
  112  12:04  Marine x3, Siege Tank  
  110  12:10  Marine x2  
  110  12:11  SCV x3  
  110  12:12  Medivac x2  
  110  12:13  Marine x2  
  110  12:14  Marine  
  110  12:15  Marauder  
  118  12:22  Marine  
  119  12:23  SCV  
  119  12:28  Marine x2  
  119  12:36  Marine x4  
  123  12:37  Marine x4  
  123  12:40  Marine  
  126  12:45  Marine  
  126  12:46  Marine  
  125  12:54  Marine x5  
  125  12:55  Marine x3  
  126  13:01  SCV x3  
  126  13:02  Marine  
  126  13:03  Marine  
  125  13:07  Supply Depot x2  
  125  13:08  Supply Depot x2  
  125  13:10  Terran Ship Weapons Level 1  
  119  13:13  SCV x2  
  119  13:19  Marine x2  
  123  13:22  Medivac x2  
  123  13:23  Marine x3  
  123  13:24  Marauder  
  128  13:29  Missile Turret  
  128  13:32  Missile Turret  
  125  13:59  Marine x2  
  125  14:00  Marine x9  
  133  14:07  SCV  
  134  14:10  Viking x2  
  138  14:17  Marine x2  
  138  14:18  Starport, SCV, Marine x9  
  138  14:19  Planetary Fortress  
  138  14:20  SCV  
  151  14:24  SCV  
  152  14:35  Marine  
  153  14:41  Marine  
  153  14:44  Marine x3  
  153  14:45  Marine x2  
  159  14:46  SCV  
  159  14:47  SCV, Siege Tank  
  159  14:49  Marine  
  159  14:50  Marauder  
  167  14:53  Factory, Viking x2  
  167  14:58  SCV  
  172  15:10  Marine x2  
  172  15:12  Marauder, Marine  
  172  15:19  Siege Tank  
  171  15:23  Viking x2  
  143  15:45  Marine  
  143  15:46  Marine x2  
  132  15:57  Marine x2  
  132  15:58  Marine x6  
  132  16:03  Marine x2  
  132  16:04  Marine, Factory Reactor  
  143  16:08  SCV x3  
  146  16:15  Marine x2  
  146  16:20  SCV x2  
  146  16:23  Missile Turret  
  147  16:38  Marine x3  
  147  16:39  Marine x8  
  158  16:45  Widow Mine  
  158  16:46  Widow Mine  
  168  16:49  Drilling Claws  
  162  16:56  Marine x6  
  162  16:57  Marine x5  
  162  17:00  Viking x2  
  177  17:06  Terran Infantry Weapons Level 3  
  177  17:07  Terran Infantry Armor Level 3  
  177  17:08  Starport Reactor, Terran Ship Weapons Level 2  
  177  17:10  SCV  
  177  17:13  Marine  
  177  17:14  Marine x5  
  184  17:17  Marine x3  
  184  17:18  Marine x2  
  189  17:31  Marine x3  
  189  17:32  Marine x3  
  195  17:47  Marine  
  196  17:53  Command Center  
  196  18:07  Refinery, Smart Servos  
  196  18:16  Marine x2  
  196  18:18  Widow Mine  
  196  18:19  Viking  
  196  18:45  Starport x2  
  196  18:46  Starport  
  196  18:53  Refinery  
  196  18:54  Refinery  
  196  18:56  Marine  
  196  18:57  Marine  
  196  18:58  Marine x2  
  196  19:00  Marine  
  196  19:03  Marine  
  196  19:05  Widow Mine x2  
Tags
 
Add a new tag
Caveats
  • Supply blocks, unpowered buildings, or Contaminate may cause inaccurate times.
  • Supply counts are checked every 10 seconds.